 Dungeon Crawl Stone Soup version 0.30.0-29-ga12c61a403 (webtiles) character file.

Game seed: 16534648785345349615

91 BillyBaka the Covered (level 4, -4/40 HPs)
             Began as an Armataur Fighter on June 21, 2023.
             Was an Initiate of Gozag.
             Slain by a gnoll
             ... wielding a +0 halberd
              (9 damage)
             ... on level 2 of the Dungeon.
             The game lasted 00:06:03 (1381 turns).

BillyBaka the Covered (Armataur Fighter)            Turns: 1381, Time: 00:06:04

Health: -4/40      AC:  8    Str: 23    XL:     4   Next: 34%
Magic:  4/4        EV:  7    Int:  8    God:    Gozag
Gold:   285        SH:  4    Dex: 10    Spells: 3/3 levels left

rFire   . . .        a - +0 flail
rCold   + . .        c - +0 buckler
rNeg    . . .        b - +0 scale mail
rPois   .            (no helmet)
rElec   .            (no cloak)
rCorr   .            g - +0 pair of gloves
SInv    .            (no barding)
Will    .....        (no amulet) Stlth
                     r - ring of protection from cold
HPRegen 0.26/turn    (no ring)
MPRegen 0.09/turn

%: roll
@: gold aura
A: large, rugged brown scales 3, deformed body, armoured tail, roll, long
tongue, awkward tongue
a: Renounce Religion, Potion Petition, Call Merchant, Bribe Branch


You were on level 2 of the Dungeon.
You worshipped Gozag.
Gozag was aware of your devotion.
You visited 1 branch of the dungeon, and saw 2 of its levels.

You collected 285 gold pieces.

Inventory:

Hand Weapons
 a - a +0 flail (weapon)
Missiles
 f - 5 boomerangs (quivered)
Armour
 b - a +0 scale mail (worn)
 c - a +0 buckler (worn)
 g - a +0 pair of gloves (worn)
Jewellery
 r - a ring of protection from cold (left hand)
Wands
 s - a wand of flame (25)
Scrolls
 e - 3 scrolls of identify {unknown}
 h - a scroll of enchant armour {unknown}
 i - a scroll of poison {unknown}
 l - a scroll of magic mapping {unknown}
 n - a scroll of brand weapon {unknown}
 p - a scroll of fear {unknown}
 q - a scroll of teleportation {unknown}
 u - a scroll of enchant weapon {unknown}
Potions
 d - a potion of might
 j - a potion of lignification {unknown}
 k - a potion of flight {unknown}
 m - a potion of brilliance {unknown}
 o - a potion of attraction {unknown}
 t - 2 potions of curing {unknown}


   Skills:
 + Level 3.1 Fighting
 * Level 2.8 Maces & Flails
 + Level 1.0 Throwing
 + Level 4.0 Armour
 + Level 1.4 Stealth
 + Level 3.6 Shields


You had 3 spell levels left.
You didn't know any spells.
Your spell library contained the following spells:

 Spells                   Type           Power      Damage    Failure   Level
 Sublimation of Blood     Necr           0%         N/A       89%         2
 Petrify                  Tmut/Erth      0%         N/A       100%        4
 Irradiate                Conj/Tmut      0%         3d11      100%        5


Dungeon Overview and Level Annotations

Branches:
Dungeon (2/15)

Altars:
Gozag

Annotations:
D:2 Robin


Innate Abilities, Weirdness & Mutations

You are completely covered in rugged brown scales. (AC +3, +7% HP)
Armour fits poorly on your strangely shaped body.
You have a long armoured tail.
You roll when moving toward enemies. (Rampage)
Your long tongue fully drains potion bottles. (2x potion effects)
Your tongue gives you trouble enunciating. (1.5x scroll delay)


Message History

* * * LOW HITPOINT WARNING * * *
The gnoll attacks as you move away! The gnoll barely misses you.
The gnoll attacks as you move away! The gnoll closely misses you.
The gnoll attacks as you move away! The gnoll hits you but does no damage.
The gnoll attacks as you move away! The gnoll hits you but does no damage.
The gnoll attacks as you move away! The gnoll hits you with a +0 club.
* * * LOW HITPOINT WARNING * * *
The gnoll attacks as you move away! The gnoll closely misses you.
The gnoll attacks as you move away! The gnoll hits you but does no damage.
The gnoll attacks as you move away! The gnoll hits you with a +0 club.
* * * LOW HITPOINT WARNING * * *
The gnoll attacks as you move away! You block the gnoll's attack.
The gnoll attacks as you move away! The gnoll hits you with a +0 club.
* * * LOW HITPOINT WARNING * * *
The gnoll attacks as you move away! The gnoll hits you but does no damage.
The gnoll attacks as you move away! You block the gnoll's attack.
You hit the gnoll but do no damage.
The gnoll is severely wounded.
The gnoll hits you with a +0 club.
* * * LOW HITPOINT WARNING * * *
The gnoll hits you with a +0 club.
* * * LOW HITPOINT WARNING * * *
You hit the gnoll.
You kill the gnoll!
You open the door.
There is an open door here.
A gnoll, a kobold and an endoplasm come into view.
The gnoll shouts!
The kobold shouts!
You hear a shout!
A ball python comes into view.
A hobgoblin comes into view.
The endoplasm attacks as you move away!
The endoplasm hits you but does no damage.
There is an open door here.
The endoplasm attacks as you move away! The endoplasm hits you.
* * * LOW HITPOINT WARNING * * *
The gnoll barely misses you. The endoplasm attacks as you move away!
The endoplasm hits you but does no damage.
The gnoll hits you from afar with a +0 halberd!
You die...
Your body crumbles into a pile of gold.

...#.##.# #.# ####.#
......#.###.# # # ###..#.#
...#.(....#.# ##.##..
###.#....# ...#......#.#
.#..gS###.#..#.###
...##.....#.##..K.###.#..#.#+#
... #.....#.#g..###.#..#.###
#####.....#.#.###.#..#.###
..........#.#K#.#..#.###
###########.#.J.@..### $ #
#.##g#..#.## ######
#.###.#..#.## .#...#
#.#.##$#..#.##
.#...######.#).##.#..#.##
.'........#.##..##.#..#.##
##...####.#.#....##.#..#.##
#...# #.#.#.##..##.#..#.##
#...####.#.###....##.#..#.##


You could see a gnoll, an endoplasm and a kobold.

Vanquished Creatures
  A gnoll (D:2)
  3 adders
  2 worms (D:2)
  4 ball pythons
  8 endoplasms
  A giant cockroach (D:2)
  6 goblins
  3 hobgoblins
  3 quokkas
  6 bats
  2 frilled lizards
  2 kobolds (D:2)
  3 rats
44 creatures vanquished.

Notes
Turn   | Place    | Note
-------+----------+-------------------------------------------
     0 | D:1      | BillyBaka the Armataur Fighter began the quest for the Orb.
     0 | D:1      | Reached XP level 1. HP: 19/19 MP: 1/1
   158 | D:1      | Reached XP level 2. HP: 25/26 MP: 2/2
   501 | D:1      | Found a faded altar of an unknown god.
   510 | D:1      | Prayed at the altar of an unknown god.
   510 | D:1      | Became a worshipper of Gozag Ym Sagoz the Greedy
   550 | D:2      | Reached skill level 1 in Stealth
   550 | D:2      | Reached XP level 3. HP: 31/32 MP: 3/3
   592 | D:2      | Noticed Robin
   965 | D:2      | Reached skill level 1 in Throwing
   965 | D:2      | Reached skill level 4 in Armour
  1061 | D:2      | Reached XP level 4. HP: 16/40 MP: 4/4
  1381 | D:2      | Slain by a gnoll

Illustrated notes

Levels and vault maps discovered:
D:1:      lightli_arrival_lavapool, layout_basic,
          dreamdust_ecumenical_altar_angels_and_demons
D:2:      minmay_razor_zed, layout_basic, minmay_pentomino_t2, uniq_robin

Skill      XL: |  1  2  3 |
---------------+----------+-----
Maces & Flails | 2 |  2.8
Stealth        | 1 |  1.4
Throwing       | 1 |  1.0
Armour         | 4 |  4.0
Fighting       | 3 |  3.1
Shields        | |  3.6

Action                     |  1- 3 |  4- 6 || total
---------------------------+-------+-------++-------
  Melee: Flail             |   107 |    18 ||   125
         Tailslap          |    10 |     1 ||    11
  Throw: Boomerang         |    33 |     6 ||    39
 Armour: Scale mail        |    61 |    15 ||    76
  Dodge: Dodged            |    41 |    12 ||    53
  Block: Buckler           |    19 |     8 ||    27
